 Dungeon Crawl Stone Soup version 0.17.1-3-g152610e (webtiles) character file.

10448 juanjsm the Covert (level 11, -8/53 HPs)
             Began as a Spriggan Enchanter on Mar 29, 2016.
             Was an Elder of Ashenzari.
             Mangled by Gastronok (39 damage)
             ... on level 3 of the Lair of Beasts on Mar 30, 2016.
             The game lasted 01:29:22 (9383 turns).

juanjsm the Covert (Spriggan Enchanter)             Turns: 9383, Time: 01:29:22

Health: -8/53      AC:  4    Str:  4    XL:     11   Next: 36%
Magic:  34/34      EV: 24    Int: 20    God:    Ashenzari [****..]
Gold:   668        SH:  0    Dex: 17    Spells: 8 memorised, 5 levels left

rFire  . . .     SeeInvis +     o - +3 dagger (elec) (curse)
rCold  + . .     Clarity  +     b - +2 robe (curse)
rNeg   . . .     SustAt   .     (shield restricted)
rPois  .         Gourm    .     (helmet restricted)
rElec  .         Spirit   .     (no cloak)
rCorr  .         Warding  .     (gloves unavailable)
rMut   .         Stasis   .     (boots unavailable)
MR     +....                    (no amulet)
Stlth  +++++++...               m - ring of protection from cold (curse)
                                n - ring of magical power (curse)

@: very quick, somewhat resistant to hostile enchantments, extremely stealthy
A: unfitting armour, see invisible, herbivore 3, speed 3, slow metabolism 2
a: Scrying, Renounce Religion


You were on level 3 of the Lair of Beasts.
You worshipped Ashenzari.
Ashenzari was greatly pleased with you.
You were not hungry.

You visited 3 branches of the dungeon, and saw 12 of its levels.
You also visited: Sewer.

You collected 668 gold pieces.

Inventory:

Hand Weapons
 o - a cursed +3 dagger of electrocution (weapon)
 s - a +0 dagger of venom
Armour
 b - a cursed +2 robe (worn)
Jewellery
 h - an uncursed ring of fire
 m - a cursed ring of protection from cold (right hand)
 n - a cursed ring of magical power (left hand)
 z - a cursed +6 ring of protection
 A - an uncursed amulet of resist mutation
Wands
 p - a wand of polymorph (13)
 y - a wand of disintegration (9)
 E - a wand of digging (11)
 I - a wand of paralysis (12)
 N - a wand of lightning (8)
Scrolls
 e - 6 scrolls of teleportation
 f - 3 scrolls of identify
 i - 3 scrolls of curse armour
 j - a scroll of vulnerability
 l - 3 scrolls of blinking
 q - 5 scrolls of curse weapon
 t - a scroll of silence {unknown}
 u - 2 scrolls of enchant weapon
 w - 3 scrolls of remove curse
 x - a scroll of magic mapping
 B - 2 scrolls of enchant armour
Potions
 g - 4 potions of curing
 k - 4 potions of heal wounds
 K - a potion of haste
 O - a potion of invisibility
 P - a potion of might
Books
 c - a book of Maledictions

   Spells                             Type                      Level
   a - Corona                         Hexes                        1
   b - Ensorcelled Hibernation        Hexes/Ice                    2
   c - Confuse                        Hexes                        3
   d - Tukima's Dance                 Hexes                        3
   e - Dazzling Spray                 Conjuration/Hexes            3
 r - a book of the Earth

   Spells                             Type                      Level
   a - Leda's Liquefaction            Hexes/Earth                  4
   b - Bolt of Magma                  Conjuration/Fire/Earth       5
   c - Statue Form                    Transmutation/Earth          6
   d - Iron Shot                      Conjuration/Earth            6
   e - Shatter                        Earth                        9
 v - a book of Envenomations

   Spells                             Type                      Level
   a - Spider Form                    Transmutation/Poison         3
   b - Alistair's Intoxication        Transmutation/Poison         4
   c - Olgreb's Toxic Radiance        Poison                       4
   d - Poisonous Cloud                Conjuration/Poison/Air       6
 D - a book of Summonings

   Spells                             Type                      Level
   a - Recall                         Summoning/Translocation      3
   b - Aura of Abjuration             Summoning                    5
   c - Shadow Creatures               Summoning                    5
   d - Summon Demon                   Summoning                    5
   e - Summon Forest                  Summoning/Translocation      5
   f - Summon Mana Viper              Hexes/Summoning              5
 G - a book of Necromancy

   Spells                             Type                      Level
   a - Pain                           Necromancy                   1
   b - Animate Skeleton               Necromancy                   1
   c - Vampiric Draining              Necromancy                   3
   d - Regeneration                   Charms/Necromancy            3
   e - Animate Dead                   Necromancy                   4
   f - Control Undead                 Necromancy                   4
Miscellaneous
 M - a fan of gales
 Q - a stone of tremors
Comestibles
 d - 6 fruits
 J - 2 bread rations
 L - 2 slices of pizza


   Skills:
 * Level 4.0 Fighting
 * Level 6.1(9.6) Short Blades
 * Level 8.4 Dodging
 * Level 14.4 Stealth
 * Level 9.2 Spellcasting
 + Level 0.5(1.5) Conjurations
 * Level 9.5(11.7) Hexes
 * Level 2.4(4.2) Necromancy
 + Level 2.0(3.7) Ice Magic
 * Level 2.5(4.4) Earth Magic
 * Level 4.8(7.1) Evocations


You had 5 spell levels left.
You knew the following spells:

 Your Spells              Type           Power        Failure   Level  Hunger
a - Corona                Hex            ######.      1%          1    None
b - Ensorcelled Hibernat  Hex/Ice        #####.       1%          2    None
c - Confuse               Hex            ######..     1%          3    None
d - Dazzling Spray        Conj/Hex       #####...     1%          3    None
e - Regeneration          Chrm/Necr      ###.......   10%         3    None
f - Animate Dead          Necr           N/A          14%         4    ###....
g - Statue Form           Trmt/Erth      ###......    100%        6    ######.
h - Pain                  Necr           ####         1%          1    None


Dungeon Overview and Level Annotations

Branches:
Dungeon (8/15)             Temple (1/1) D:5            Lair (3/8) D:8
 Spider (0/4) Lair:3
  Swamp: Lair:3-6    Shoals: Lair:3-6

Altars:
Ashenzari
Cheibriados
Dithmenos
Elyvilon
Fedhas
Gozag
Kikubaaqudgha
Makhleb
Nemelex Xobeh
Okawaru
Qazlal
Ru
Sif Muna
Trog
Vehumet
Xom
Yredelemnul
Zin
The Shining One

Annotations:
D:2 Natasha
Lair:3 Gastronok


Innate Abilities, Weirdness & Mutations

You are tiny and cannot use many weapons and most armour.
You have supernaturally acute eyesight.
You are a herbivore.
You cover ground extremely quickly.
You need consume almost no food.


Message History

Gastronok is moderately wounded.
You hit Gastronok.
Gastronok is moderately wounded.
You hit Gastronok.
Gastronok is moderately wounded.
You hit Gastronok.
There is a sudden explosion of sparks!
Gastronok is heavily wounded.
Gastronok chants a spell, wobbling all the while.
You hit Gastronok but do no damage.
Gastronok is heavily wounded.
You hit Gastronok.
Gastronok is heavily wounded.
The rat misses you.
You hit Gastronok but do no damage.
There is a sudden explosion of sparks!
Gastronok is heavily wounded.
You hit Gastronok.
Gastronok is heavily wounded.
The rat barely misses you. Gastronok bites you!!!
Ouch! That really hurt!
You die...

........P..w..####...............
......#....#..P####....#......##.
P#.P..#.........##.............#.
##...?P..#..........P........#...
##...............#..#.......#...
##......#....#......##.......P...
#.#..........##......#...........
##..........##.r.................
##...##......##.@.............#.#
#P....#..######.w...............#
#....###.# ##.....#...<....#..
##.### .# *#....##..........##.#
### * *.#*#.w...###........##..#
*, , #..%.## #P....#### #.. .#...
* ##..P..## #.. , , #....,
#...#...####.. * ....
###.#....##...


You could see Gastronok and a rat.

Vanquished Creatures
  A hydra (Lair:2)
  Pikel (D:8)
  Joseph (D:7)
  The ghost of Shufflesack the Magician, a novice DrCj (D:5)
  4 spiny frogs
  A jumping spider (Lair:3)
  2 komodo dragons
  9 yaks
  Sigmund (D:4)
  2 hippogriffs (Lair:3)
  Menkaure (D:4)
  5 wolves (Lair:2)
  4 sky beasts
  5 porcupines
  A water moccasin (Lair:2)
  2 ogres
  A phantom (D:4)
  4 big kobolds
  3 centaurs
  2 crocodiles (Lair:2)
  10 giant frogs
  A scorpion (D:4)
  4 wights (D:8)
  A giant frog zombie (D:7)
  A crimson imp (D:5)
  3 hounds
  6 orc wizards
  9 iguanas
  2 jellies
  6 orc priests
  A quasit (D:8)
  A giant frog skeleton (D:4)
  A gnoll shaman (D:4)
  3 worker ants
  8 sheep (Lair:2)
  A hound zombie (D:6)
  A hound skeleton (D:6)
  7 gnolls
  A worker ant zombie (D:5)
  12 adders
  20 river rats
  2 shadow imps
  An adder zombie (D:5)
  13 oozes
  2 adder skeletons
  11 giant geckos
  22 orcs
  13 ball pythons
  12 giant cockroaches
  11 hobgoblins
  6 jackals
  3 quokkas
  10 bats
  A giant gecko zombie (D:7)
  9 giant newts
  5 goblins
  A jackal skeleton (D:5)
  A jackal zombie (D:5)
  18 kobolds
  10 rats
301 creatures vanquished.

Vanquished Creatures (others)
  A worker ant (D:8)
  4 fungi
  A plant (Lair:2)
6 creatures vanquished.

Grand Total: 307 creatures vanquished

Notes
Turn   | Place    | Note
--------------------------------------------------------------
     0 | D:1      | juanjsm the Spriggan Enchanter began the quest for the Orb.
     0 | D:1      | Reached XP level 1. HP: 9/9 MP: 5/5
   212 | D:1      | Reached XP level 2. HP: 7/13 MP: 6/6
   216 | D:1      | Learned a level 2 spell: Ensorcelled Hibernation
   287 | D:1      | Reached skill level 5 in Stealth
   836 | D:2      | Reached XP level 3. HP: 16/16 MP: 8/8
   841 | D:2      | Learned a level 3 spell: Confuse
   875 | D:2      | Noticed Natasha
  1663 | D:3      | Reached skill level 6 in Stealth
  1663 | D:3      | Reached XP level 4. HP: 11/21 MP: 7/10
  1668 | D:3      | Learned a level 3 spell: Dazzling Spray
  1781 | D:3      | Found an iron altar of Okawaru.
  2185 | D:4      | Noticed Sigmund
  2190 | D:4      | Killed Sigmund
  2190 | D:4      | Reached XP level 5. HP: 25/25 MP: 11/11
  2190 | D:4      | Reached XP level 6. HP: 29/29 MP: 12/12
  2193 | D:4      | Reached skill level 7 in Stealth
  2296 | D:4      | Reached skill level 5 in Hexes
  2310 | D:4      | Reached skill level 1 in Fighting
  2476 | D:4      | Found a stormy altar of Qazlal.
  2543 | D:4      | Noticed Menkaure
  2560 | D:4      | Noticed a phantom
  2571 | D:4      | Killed a phantom
  2571 | D:4      | Reached skill level 8 in Stealth
  2571 | D:4      | Reached XP level 7. HP: 29/33 MP: 10/14
  2646 | D:4      | Killed Menkaure
  2762 | D:4      | Reached skill level 5 in Dodging
  2780 | D:4      | Reached skill level 5 in Spellcasting
  2862 | D:5      | Entered Level 5 of the Dungeon
  2942 | D:5      | Found a glowing drain.
  2946 | Sewer    | Entered a sewer
  3628 | D:5      | Reached skill level 9 in Stealth
  3628 | D:5      | Reached XP level 8. HP: 39/39 MP: 17/17
  3688 | D:5      | Noticed Shufflesack's ghost (novice DrCj)
  3725 | D:5      | Found a staircase to the Ecumenical Temple.
  3751 | D:5      | Killed Shufflesack's ghost
  3759 | Temple   | Entered the Ecumenical Temple
  3778 | Temple   | Became a worshipper of Ashenzari the Shackled
  4261 | D:6      | Reached skill level 10 in Stealth
  4286 | D:6      | Reached skill level 1 in Ice Magic
  4368 | D:6      | Reached XP level 9. HP: 26/43 MP: 9/20
  4665 | D:6      | Identified the +2 ring mail "Ryclaf" {MR+}
  4936 | D:6      | Reached * piety under Ashenzari
  5423 | D:7      | Reached skill level 11 in Stealth
  5505 | D:7      | Noticed Joseph
  5523 | D:7      | Killed Joseph
  5523 | D:7      | Reached skill level 1 in Evocations
  5975 | D:8      | Reached ** piety under Ashenzari
  6045 | D:8      | Found a staircase to the Lair.
  6057 | D:8      | Reached skill level 12 in Stealth
  6253 | D:8      | Noticed Pikel
  6348 | D:8      | Reached skill level 5 in Short Blades
  6431 | D:8      | Reached XP level 10. HP: 40/49 MP: 14/23
  6465 | D:8      | Learned a level 3 spell: Regeneration
  6470 | D:8      | Learned a level 4 spell: Animate Dead
  6477 | D:8      | Learned a level 6 spell: Statue Form
  6545 | D:8      | Killed Pikel
  6633 | Lair:1   | Entered Level 1 of the Lair of Beasts
  6687 | Lair:1   | Reached skill level 1 in Earth Magic
  6789 | Lair:1   | Reached skill level 1 in Necromancy
  7018 | Lair:1   | Learned a level 1 spell: Pain
  7180 | Lair:1   | Reached skill level 13 in Stealth
  7709 | Lair:2   | Reached *** piety under Ashenzari
  7940 | Lair:2   | Noticed a four-headed hydra
  7957 | Lair:2   | Killed a four-headed hydra
  7957 | Lair:2   | Reached skill level 14 in Stealth
  7957 | Lair:2   | Reached XP level 11. HP: 28/53 MP: 4/24
  8926 | Lair:3   | Reached **** piety under Ashenzari
  8962 | Lair:3   | Noticed Gastronok
  9383 | Lair:3   | Mangled by Gastronok

Action                   |  1- 3 |  4- 6 |  7- 9 | 10-12 || total
-------------------------+-------+-------+-------+-------++-------
Melee: Dagger            |    73 |    65 |   349 |   160 ||   647
 Cast: Corona            |     6 |     2 |     2 |     6 ||    16
       Ensorcelled Hiber |    18 |    13 |    45 |    33 ||   109
       Confuse           |     3 |    12 |    51 |    12 ||    78
       Dazzling Spray    |       |     3 |    21 |    27 ||    51
       Pain              |       |       |       |     4 ||     4
Evoke: Wand              |       |       |       |     1 ||     1
  Use: Scroll            |       |     6 |    11 |     5 ||    22
       Potion            |       |     5 |       |     4 ||     9
 Stab: Sleeping          |    27 |    11 |    62 |    41 ||   141
       Confused          |     1 |     5 |    22 |     4 ||    32
       Invisible         |       |     1 |     2 |     6 ||     9
       Distracted        |       |     1 |     2 |     1 ||     4
  Eat: Pizza             |       |     1 |       |       ||     1
       Bread ration      |       |     1 |     1 |       ||     2
